 Dungeon Crawl Stone Soup version 0.31-a0-977-gc230f8ef24 (webtiles) character file.

Game seed: 1044101039798594097

114 strifetoe the Cudgeller (level 4, 0/39 HPs)
             Began as an Armataur Berserker on Oct 29, 2023.
             Was a Believer of Trog.
             Slain by a scorpion (4 damage)
             ... on level 4 of the Dungeon.
             The game lasted 00:02:13 (2348 turns).

strifetoe the Cudgeller (Armataur Berserker)        Turns: 2348, Time: 00:02:14

Health: 0/39       AC:  9    Str: 25    XL:     4   Next: 67%
Magic:  4/4        EV:  5    Int:  7    God:    Trog [**....]
Gold:   178        SH:  0    Dex:  9    Spells: 3/3 levels left

rFire   . . .        a - +0 mace
rCold   . . .        (no shield)
rNeg    . . .        b - +0 animal skin
rPois   .            d - +0 helmet
rElec   .            p - +0 cloak
rCorr   .            f - +2 pair of gloves
SInv    .            (no barding)
Will    .....        (no amulet)
Stlth   +            (no ring)
HPRegen 0.26/turn    (no ring)
MPRegen 0.09/turn

%: roll
@: held
A: large, rugged brown scales 3, deformed body, armoured tail, roll, long
tongue, awkward tongue
a: Renounce Religion, Berserk, Trog's Hand


You were on level 4 of the Dungeon.
You worshipped Trog.
Trog was pleased with you.
You visited 1 branch of the dungeon, and saw 4 of its levels.

You collected 178 gold pieces.

Inventory:

Hand Weapons
 a - a +0 mace (weapon)
Missiles
 k - a throwing net
Armour
 b - a +0 animal skin (worn)
 d - a +0 helmet (worn)
 f - a +2 pair of gloves (worn)
 p - a +0 cloak (worn)
Wands
 n - a wand of charming (10)
Scrolls
 e - 2 scrolls of brand weapon {unknown}
 g - 2 scrolls of identify {unknown}
 h - 3 scrolls of amnesia
 l - a scroll of teleportation {unknown}
 m - a scroll of vulnerability {unknown}
 q - a scroll of noise {unknown}
Potions
 c - 2 potions of might {unknown}
 i - a potion of mutation {unknown}
 j - a potion of heal wounds {unknown}
 o - 2 potions of haste {unknown}


   Skills:
 - Level 2.6 Fighting
 + Level 5.0 Maces & Flails
 - Level 2.4 Armour
 - Level 1.3 Dodging


You had 3 spell levels left.
You didn't know any spells.
Your spell library was empty.

Dungeon Overview and Level Annotations

Branches:
Dungeon (4/15)
 Temple: D:4-7

Altars:


Innate Abilities, Weirdness & Mutations

You are completely covered in rugged brown scales. (AC +3, +7% HP)
Armour fits poorly on your strangely shaped body.
You have a long armoured tail.
You roll when moving toward enemies. (Rampage)
Your long tongue fully drains potion bottles. (2x potion effects)
Your tongue gives you trouble enunciating. (1.5x scroll delay)


Message History

The gnoll hits you but does no damage.
You closely miss the gnoll.
The gnoll is severely wounded.
The gnoll completely misses you. The gnoll hits you but does no damage.
The gnoll closely misses you.
The gnoll hits you with a +1 flail of holy wrath.
You hit the gnoll but do no damage.
The gnoll is severely wounded.
The gnoll hits you from afar with a +0 spear. x2
The gnoll closely misses you.
You hit the gnoll but do no damage.
The gnoll is severely wounded.
The gnoll hits you from afar with a +0 spear.
The gnoll barely misses you.
The gnoll hits you from afar with a +0 spear!
You are too injured to fight recklessly!
You are too injured to fight recklessly!
You are too injured to fight recklessly!
You are too injured to fight recklessly!
You are too injured to fight recklessly!
You are too injured to fight recklessly!
You are too injured to fight recklessly!
You are too injured to fight recklessly!
You are too injured to fight recklessly!
You are too injured to fight recklessly!
You are too injured to fight recklessly!
Unknown command.
Found 8 gold pieces.
The scorpion stings you but does no damage.
The scorpion attacks as it pursues you! The scorpion barely misses you. x2
You roll towards the gnoll!
Found a rapier.
You sock the gnoll!
The gnoll is almost dead.
The gnoll barely misses you.
The gnoll throws a throwing net.
The throwing net hits you.
You become entangled in the net!
You struggle against the net.
The scorpion stings you. The gnoll hits you with a +0 halberd!
* * * LOW HITPOINT WARNING * * *
Unknown command.
You struggle against the net.
The scorpion stings you.
You die...

..#.#......)#.
.#...........#
............#
#........... #
#...........# #
#..........###. #
#.g.g...#.... . #
#@##g#..#.##...###
#s##.#..........##
#..........<......
###g#............#
#..##............
#.###.#.......##.
#. #....##<.####
.. #............
.## #[....##.....


You could see a scorpion and 3 gnolls.

Vanquished Creatures
  An iguana (D:4)
  3 adders
  3 worms
  An orc (D:3)
  A bat (D:3)
  3 endoplasms (D:3)
  2 giant cockroaches (D:3)
  4 goblins
  9 hobgoblins
  4 jackals
  A quokka (D:2)
  7 ball pythons
  A frilled lizard (D:3)
  6 kobolds
  5 rats
51 creatures vanquished.

Notes
Turn   | Place    | Note
-------+----------+-------------------------------------------
     0 | D:1      | strifetoe the Armataur Berserker began the quest for the
                  | Orb.
     0 | D:1      | Reached XP level 1. HP: 19/19 MP: 1/1
   217 | D:1      | Reached skill level 3 in Maces & Flails
   330 | D:1      | Reached XP level 2. HP: 26/26 MP: 2/2
  1511 | D:3      | Reached XP level 3. HP: 32/32 MP: 3/3
  1549 | D:3      | Reached skill level 4 in Maces & Flails
  1566 | D:3      | Reached ** piety under Trog
  2020 | D:3      | Reached XP level 4. HP: 39/39 MP: 4/4
  2247 | D:4      | Reached skill level 5 in Maces & Flails
  2337 | D:4      | Noticed a scorpion
  2348 | D:4      | Slain by a scorpion

Illustrated notes

Levels and vault maps discovered:
D:1:      onia_arrival_mini_maze_b, layout_basic
D:2:      layout_loops_ring
D:3:      layout_rooms, moated_statue, serial_bayou_pond_b, minmay_vboxes
D:4:      layout_rooms, uniq_duvessa

Skill      XL: |  1  2  3  4 |
---------------+-------------+-----
Maces & Flails | 3 4 5 |  5.0
Fighting       | |  2.6
Armour         | |  2.4
Dodging        | |  1.3

Action                     |  1- 3 |  4- 6 || total
---------------------------+-------+-------++-------
  Melee: Mace              |   101 |    33 ||   134
         Tailslap          |    12 |     5 ||    17
         Punch             |     1 |       ||     1
 Invoke: Berserk           |       |     1 ||     1
    Use: Scroll            |     1 |       ||     1
 Armour: Animal skin       |    74 |    37 ||   111
  Dodge: Dodged            |    63 |    33 ||    96

Table legend: (Time is in decaauts)
 A = Elapsed time spent in this place.
 B = Non-inter-level travel time spent in this place.
 C = Inter-level travel time spent in this place.
 D = Time resting spent in this place.
 E = Time spent auto-exploring this place.
 F = Levels seen in this place.
 G = Mean time per level.
                   A        B        C        D        E       F      G
               +--------+--------+--------+--------+--------+-----+--------+
         Total |   2382 |   2284 |     98 |      2 |   1932 |   4 |  595.5 |
       Dungeon |   2382 |   2284 |     98 |      2 |   1932 |   4 |  595.5 |
               +--------+--------+--------+--------+--------+-----+--------+

Top non-repeatable levels by time:
     D:1: 907 daAuts
     D:3: 723 daAuts
     D:2: 610 daAuts
     D:4: 141 daAuts
